AoeStats
← thepatmobile

MegaRandom

503855246Analyzed
1v1 RM · 2mo ago on Sep 2, 2026· 41m 55s· 2 players
Game mode
Random Map
Map size
Tiny (2 player)
Population
200
Speed
Normal
Resources
Standard
Victory
Conquest
Starting age
Dark Age
Ending age
Imperial Age
RankedLock teamsTeams togetherTeam positionsShared explorationLock speedFull tech treeHidden civsTurbo modeCheats
Victory
Defeat
🇲🇽 Mongols · Mexico
1028
+16
vs
🇺🇸 Turks · United States
1023
-16
thepatmobile
3:58 Loom
12:34 Feudal Age
13:15 Town Watch
14:34 Wheelbarrow
13:47 Double-Bit Axe
18:17 Bloodlines
19:01 Gold Mining
18:58 Horse Collar
20:45 Fletching
24:30 Castle Age
23:16 Forging
23:48 Scale Barding Armor
25:03 Crossbowman
26:06 Scale Mail Armor
28:00 Fervor
27:58 Stone Mining
29:12 Heavy Plow
34:59 Padded Archer Armor
36:39 Husbandry
41:33 Ballistics
Kamel838509
3:15 Loom
10:01 Feudal Age
10:27 Double-Bit Axe
10:24 Horse Collar
14:07 Town Watch
19:44 Wheelbarrow
22:20 Castle Age
20:38 Bloodlines
20:35 Scale Barding Armor
21:03 Gold Mining
23:40 Bow Saw
23:56 Chain Barding Armor
23:42 Husbandry
25:58 Forging
37:14 Imperial Age
37:25 Cavalier
42:12 Chemistry
41:33 Ballistics
42:24 Conscription
Connection lost

Rejoining the realm…

Still unreachable

The connection could not be restored.

Session expired

The server has moved on; the page needs a fresh start.